 Dungeon Crawl Stone Soup version 0.25-a0-413-g3b4b6a4ccc (webtiles) character file.

Game seed: 18093553253114127920, levelgen mode: deterministic

10469 Ijustatesigmund the Fighter (level 11, -3/82 HPs)
             Began as an Octopode Fighter on Jan 15, 2020.
             Was a High Priest of Cheibriados.
             Slain by a two-headed ogre
             ... wielding a +0 giant spiked club
              (26 damage)
             ... on level 13 of the Dungeon.
             The game lasted 00:33:14 (15651 turns).

Ijustatesigmund the Fighter (Octopode Fighter)     Turns: 15651, Time: 00:33:15

Health: -3/82      AC:  3    Str: 26    XL:     11   Next: 62%
Magic:  24/24      EV: 17    Int: 22    God:    Cheibriados [*****.]
Gold:   207        SH: 19    Dex: 26    Spells: 10/10 levels left

rFire    + . .     SeeInvis .   A - +4 flail
rCold    + . .     Gourm    .   b - +4 shield
rNeg     . . .     Faith    .   k - +2 hat
rPois    +         Spirit   .   x - amulet of Relativism {Reflect rC+ SH+4}
rElec    .         Reflect  +   n - ring of resist corrosion
rCorr    +         Harm     .   l - ring of magical power
MR       .....                  a - ring "Zanig" {rF+ Stlth+}
Stlth    ++++++....             C - ring of poison resistance
HPRegen  0.23/turn              (no ring)
MPRegen  0.19/turn              (no ring)
                                (no ring)
                                (no ring)

@: about to teleport, very slow
A: almost no armour, stealthy swim, amphibious, 8 rings, constrict 8, beak,
tentacle spike 1, camouflage 1, low mp 1, poison resistance, gelatinous body 1
a: Bend Time, Temporal Distortion, Slouch, Step From Time, Renounce Religion


You were on level 13 of the Dungeon.
You worshipped Cheibriados.
Cheibriados was extremely pleased with you.
You were not hungry.

You visited 2 branches of the dungeon, and saw 14 of its levels.

You collected 659 gold pieces.
You spent 452 gold pieces at shops.

Inventory:

Hand Weapons
 g - a +0 hunting sling of freezing
 A - a +4 flail (weapon)
Missiles
 q - 26 sling bullets
 r - 6 atropa-tipped darts (quivered)
 w - 6 javelins
 y - a throwing net
Armour
 b - a +4 shield (worn)
 k - a +2 hat (worn)
Jewellery
 a - the ring "Zanig" (on tentacle) {rF+ Stlth+}
   (You bought it in a shop on level 10 of the Dungeon)

   [ring of protection from fire]

   It protects you from fire.
   It makes you more stealthy.
 l - a ring of magical power (right tentacle)
 n - a ring of resist corrosion (left tentacle)
 x - the amulet of Relativism (around mantle) {Reflect rC+ SH+4}
   (You acquired it on level 12 of the Dungeon)

   [amulet of reflection]

   It shields you and reflects attacks.
   It protects you from cold.
   It affects your SH (+4).
 C - a ring of poison resistance (on tentacle)
Wands
 s - a wand of flame (5)
 z - a wand of paralysis (6)
Scrolls
 c - a scroll of blinking
 f - 9 scrolls of remove curse
 p - 5 scrolls of teleportation
 v - 2 scrolls of amnesia
 E - a scroll of magic mapping
Potions
 e - 3 potions of cancellation
 h - 4 potions of flight
 i - 2 potions of curing
 j - a potion of brilliance
 m - a potion of resistance
 o - 3 potions of agility
 t - 4 potions of lignification
 u - 2 potions of heal wounds
Comestibles
 d - 16 rations


   Skills:
 + Level 10.5 Fighting
 + Level 10.2 Maces & Flails
 - Level 2.0 Slings
 - Level 6.6 Dodging
 - Level 5.5 Stealth
 + Level 4.2 Shields
 + Level 8.2 Invocations


You had 10 spell levels left.
You didn't know any spells.
Your spell library contained the following spells:

 Spells                   Type           Power        Failure   Level  Hunger
 Beastly Appendage        Tmut           #.....       54%         1    ##.....
 Infusion                 Chrm           #...         54%         1    ##.....
 Magic Dart               Conj           #...         54%         1    ##.....
 Searing Ray              Conj           #.....       69%         2    ###....
 Shroud of Golubria       Chrm/Tloc      #.....       69%         2    ###....
 Song of Slaying          Chrm           #.......     69%         2    ###....
 Sticks to Snakes         Tmut           #.......     69%         2    ###....
 Dazzling Flash           Conj/Hex       #.....       89%         3    ####...
 Ozocubu's Armour         Chrm/Ice       #.......     89%         3    ####...
 Spectral Weapon          Hex/Chrm       #.......     89%         3    ####...
 Spider Form              Tmut/Pois      #.........   89%         3    ####...
 Fulminant Prism          Conj/Hex       #.........   100%        4    #####..
 Ice Form                 Ice/Tmut       #.......     100%        4    #####..
 Iskenderun's Mystic Bla  Conj/Tloc      #.......     100%        4    #####..
 Blade Hands              Tmut           #.........   100%        5    ######.


Dungeon Overview and Level Annotations

Branches:
Dungeon (13/15)            Temple (1/1) D:6            Lair (0/6) D:11
    Orc (0/2) D:10
 Vaults: D:13-14

Altars:
Cheibriados
Dithmenos
Fedhas
Gozag
Hepliaklqana
Kikubaaqudgha
Makhleb
Nemelex Xobeh
Okawaru
Qazlal
Ru
Sif Muna
Trog
Vehumet
Wu Jian
Xom
Yredelemnul
Zin
The Shining One
Lugonu

Shops:
D:6 [(%   D:7 *   D:10 =   D:11 (

Annotations:
D:3 2 runed translucent doors, hemabe's ghost, amateur HuAr


Innate Abilities, Weirdness & Mutations

You cannot wear most types of armour.
You are very stealthy in the water. (Stealth+)
You are amphibious.
You can wear up to eight rings at the same time.
You can use your tentacles to constrict eight enemies at once.
Your skin changes colour to match your surroundings (Stealth+).
Your rubbery body absorbs attacks. (AC +1, EV +1)
You have a beak for a mouth.
One of your tentacles bears a spike.
Your magical capacity is low. (-10% MP)
Your system is resistant to poisons. (rPois)


Message History

The cyclops shouts!
The two-headed ogre shouts in stereo!
The cyclops throws a large rock.
You reflect the large rock off an invisible shield around you!
The large rock hits the cyclops but does no damage.
The cyclops throws a large rock.
The large rock hits you!!
You see here a large rock.
The cyclops hits you!!
You are too injured to fight recklessly!
You are too injured to fight recklessly!
You are too injured to fight recklessly!
You are too injured to fight recklessly!
You are too injured to fight recklessly!
You are too injured to fight recklessly!
You are too injured to fight recklessly!
As you read the scroll of teleportation, it crumbles to dust.
You feel strangely unstable. The cyclops barely misses you.
The two-headed ogre hits you with a +0 giant spiked club!
* * * LOW HITPOINT WARNING * * *
The two-headed ogre hits you with a +0 giant club!!
You die...

#########################
................%........
.........................
.........................
#.....CO@................
............)..########..
..<......(......... ...
......############# ####
...... ...... ..... .....


You could see a two-headed ogre and a cyclops.

Vanquished Creatures
  A two-headed ogre (D:9)
  An unseen horror (D:12)
  An ugly thing (D:11)
  A gargoyle (D:12)
  A komodo dragon (D:12)
  A merfolk (D:9)
  A hornet (D:11)
  3 slime creatures
  2 hippogriffs
  A shadow (D:11)
  3 wyverns
  A hungry ghost (D:11)
  A steam dragon (D:9)
  A water moccasin (D:12)
  Duvessa (D:5)
  8 orc warriors
  A black bear (D:8)
  4 sky beasts
  8 phantoms
  2 ice beasts
  9 centaurs
  4 ogres
  A big kobold (D:11)
  7 bullfrogs
  2 scorpions (D:11)
  Dowan (D:5)
  4 killer bees
  11 electric eels
  2 howler monkeys
  4 crimson imps
  A bullfrog skeleton (D:12)
  2 quasits
  Crazy Yiuf (D:6)
  4 hounds
  2 jellies
  7 orc priests
  3 bullfrog zombies
  2 centaur skeletons (D:8)
  5 orc wizards
  3 iguanas
  10 worker ants
  A worker ant zombie (D:9)
  3 howler monkey zombies
  4 gnolls
  9 adders
  3 shadow imps
  An ooze (D:1)
  An adder skeleton (D:4)
  2 worms (D:2)
  A dart slug (D:1)
  7 leopard geckos
  42 orcs
  3 ball pythons
  3 giant cockroaches
  7 goblins
  5 hobgoblins
  8 jackals
  5 quokkas
  10 bats
  6 frilled lizards
  12 kobolds
  9 rats
270 creatures vanquished.

Notes
Turn   | Place    | Note
-------+----------+-------------------------------------------
     0 | D:1      | Ijustatesigmund the Octopode Fighter began the quest for
                  | the Orb.
     0 | D:1      | Reached XP level 1. HP: 16/16 MP: 1/1
    65 | D:1      | Reached XP level 2. HP: 19/21 MP: 2/2
   534 | D:1      | Reached XP level 3. HP: 26/26 MP: 3/3
   786 | D:2      | Found a bloodstained altar of Trog.
   788 | D:2      | Found an ornate altar of the Wu Jian Council.
  1311 | D:2      | Reached XP level 4. HP: 31/31 MP: 4/4
  1451 | D:2      | Found a stormy altar of Qazlal.
  2725 | D:2      | Found a sparkling altar of Nemelex Xobeh.
  2730 | D:2      | Reached XP level 5. HP: 37/37 MP: 5/5
  3021 | D:3      | Found a large runed translucent door.
  3021 | D:3      | Found a large runed translucent door.
  3085 | D:3      | Found a basalt altar of Yredelemnul.
  3260 | D:3      | Noticed hemabe's ghost (amateur HuAr)
  3532 | D:4      | Noticed a sky beast
  3926 | D:4      | Reached XP level 6. HP: 43/43 MP: 6/6
  4557 | D:5      | Entered Level 5 of the Dungeon
  4564 | D:5      | Found a glowing silver altar of Zin.
  4564 | D:5      | Found a shimmering altar of Xom.
  4564 | D:5      | Noticed an angel
  4640 | D:5      | Noticed a phantom
  4677 | D:5      | Noticed a phantom
  4696 | D:5      | Killed a phantom
  4696 | D:5      | Reached skill level 5 in Fighting
  4696 | D:5      | Reached XP level 7. HP: 17/50 MP: 7/7
  4901 | D:5      | Noticed Duvessa
  4904 | D:5      | Noticed Dowan
  4947 | D:5      | Killed Dowan
  5272 | D:5      | Killed Duvessa
  5272 | D:5      | Reached skill level 5 in Maces & Flails
  5522 | D:5      | Gained mutation: Your magical capacity is low. (-10% MP)
                  | [potion of mutation]
  5522 | D:5      | Gained mutation: One of your tentacles bears a spike.
                  | [potion of mutation]
  5522 | D:5      | Gained mutation: Your system is resistant to poisons.
                  | (rPois) [potion of mutation]
  5522 | D:5      | Gained mutation: You have a beak for a mouth. [potion of
                  | mutation]
  5537 | D:5      | Reached XP level 8. HP: 42/57 MP: 7/7
  5848 | D:5      | Found a shimmering altar of Xom.
  6087 | D:6      | Found Zowo's Food Boutique.
  6126 | D:6      | Found Cohaskimo's Weapon Shop.
  6277 | D:6      | Reached skill level 1 in Slings
  6686 | D:6      | Found Famyckeo's Antique Armour Boutique.
  6876 | D:6      | Found a blossoming altar of Fedhas.
  6999 | D:6      | Found a staircase to the Ecumenical Temple.
  7150 | D:6      | Found a runed translucent door.
  7151 | D:6      | Noticed Crazy Yiuf
  7161 | D:6      | Killed Crazy Yiuf
  7213 | Temple   | Entered the Ecumenical Temple
  7301 | Temple   | Became a worshipper of Cheibriados the Contemplative
  7381 | D:7      | Reached skill level 1 in Stealth
  7390 | D:7      | Reached skill level 1 in Invocations
  7531 | D:7      | Found an opulent altar of Gozag.
  7537 | D:7      | Reached XP level 9. HP: 63/64 MP: 9/9
  7799 | D:7      | Found Gozag's Platinum Reserve.
  8696 | D:8      | Reached * piety under Cheibriados
  8724 | D:8      | Found a shimmering blue altar of Sif Muna.
  9398 | D:9      | Noticed a merfolk
  9408 | D:9      | Killed a merfolk
  9408 | D:9      | Reached skill level 5 in Stealth
 10306 | D:9      | Noticed a two-headed ogre
 10309 | D:9      | Reached XP level 10. HP: 67/73 MP: 12/12
 10331 | D:9      | Killed a two-headed ogre
 10331 | D:9      | Reached skill level 5 in Dodging
 10331 | D:9      | Reached skill level 5 in Invocations
 11481 | D:9      | Reached ** piety under Cheibriados
 11932 | D:10     | Entered Level 10 of the Dungeon
 12695 | D:10     | Found a staircase to the Orcish Mines.
 13141 | D:10     | Found Upleump's Jewellery Emporium.
 13148 | D:10     | Bought the ring "Zanig" {rF+ Stlth+} for 452 gold pieces
 13198 | D:10     | Reached *** piety under Cheibriados
 13605 | D:11     | Noticed a red ugly thing
 13615 | D:11     | Killed a red ugly thing
 13615 | D:11     | Reached XP level 11. HP: 70/81 MP: 14/14
 13632 | D:11     | Found a staircase to the Lair.
 13768 | D:11     | Reached **** piety under Cheibriados
 13773 | D:11     | Reached skill level 10 in Fighting
 14068 | D:11     | Found Xygia's Antique Weapon Emporium.
 14573 | D:12     | Killed an unseen horror
 14573 | D:12     | Reached skill level 10 in Maces & Flails
 15205 | D:12     | Reached ***** piety under Cheibriados
 15363 | D:12     | Identified a scroll of acquirement
 15365 | D:12     | Identified the -7 hat of Eceasor {rF++ Int+4 Dex+3} (You
                  | acquired it on level 12 of the Dungeon)
 15365 | D:12     | Identified the amulet of Relativism {Reflect rC+ SH+4} (You
                  | acquired it on level 12 of the Dungeon)
 15642 | D:13     | Noticed a cyclops
 15648 | D:13     | Noticed a two-headed ogre
 15651 | D:13     | Slain by a two-headed ogre

Levels and vault maps discovered:
D:1:      saegor_arrival_simple_b, layout_rooms
D:2:      layout_loops_ring, lemuel_coloured_pillars_altar,
          chequers_temple_overflow_statue_of_worship,
          nicolae_qazlal_eye_of_the_storm
D:3:      layout_rooms, nicolae_overflow_crystal_walls,
          ebering_ghost_disaster_area
D:4:      layout_basic, first_ration, minmay_ruptured
D:5:      layout_basic, grunt_temple_overflow_order_and_chaos_1, basic_altar,
          uniq_duvessa
D:6:      layout_basic, kennysheep_mini_moat, temple_fountains, serial_shops,
          shop, shop, shop, hangedman_abyss_or_decor_lesser_grid,
          uniq_crazy_yiuf_cottage
D:7:      layout_loops_ring, nicolae_gozag_zags_fifth_avenue
D:8:      layout_cave_pools, nicolae_overflow_hidden_temple
D:9:      layout_basic, serial_bayou, serial_bayou_pond_a, serial_bayou_lake_a,
          serial_bayou_pond_d, serial_bayou_pond_e, hangedman_fish_farm
D:10:     layout_cave_pools, erik_orc_2, serial_shops, nicolae_shop_crystal
D:11:     minmay_recursive_quarters, layout_long_grid, lair_entry_dummy,
          serial_shops, nicolae_shop_window_shopping
D:12:     layout_gridville
D:13:     layout_stronghold
Temple:   kb_corrupted_temple

Skill      XL: |  1  2  3  4  5  6  7  8  9 10 11 |
---------------+----------------------------------+-----
Maces & Flails | 3 4 5 7 8 9 10 | 10.2
Fighting       | 4 5 6 7 8 9 10 | 10.5
Shields        | 4 |  4.2
Dodging        | 4 6 |  6.6
Slings         | 2 |  2.0
Stealth        | 2 5 |  5.5
Invocations    | 1 4 6 8 |  8.2

Action                   |  1- 3 |  4- 6 |  7- 9 | 10-12 || total
-------------------------+-------+-------+-------+-------++-------
Melee: Flail             |    67 |   119 |   226 |   233 ||   645
       Constrict         |    22 |    32 |    34 |    44 ||   132
       Tentacles         |     7 |    23 |    44 |    65 ||   139
       Kick              |       |       |    76 |   120 ||   196
       Peck              |       |       |    44 |    80 ||   124
 Fire: Hunting sling     |       |     4 |    15 |       ||    19
Throw: Dart              |       |       |    14 |    13 ||    27
Invok: Bend Time         |       |       |     1 |     1 ||     2
Evoke: Wand              |       |       |     9 |    10 ||    19
  Use: Scroll            |     3 |     4 |     9 |    12 ||    28
       Potion            |       |     2 |     3 |       ||     5
 Stab: Sleeping          |     6 |     3 |    14 |    18 ||    41
       Distracted        |       |       |     1 |       ||     1
       Invisible         |       |       |       |     1 ||     1
  Eat: Chunk             |     1 |     5 |    14 |     3 ||    23
       Ration            |       |     2 |       |     2 ||     4
Armor: Skin              |     5 |    11 |    33 |     8 ||    57
Dodge: Dodged            |    24 |    55 |    71 |   114 ||   264
Block: Shield            |    26 |    69 |   123 |   145 ||   363
       Reflection        |       |       |       |     1 ||     1

Table legend:
 A = Non-vault XP
 B = Vault XP
 C = Vault XP percentage of total XP
 D = Non-vault monster count
 E = Vault monster count
 F = Vault count percentage of total count
                 A         B        C        D         E       F
            +---------+---------+-------+---------+---------+-------
      Total |   12715 |    2242 |  15.0 |     235 |      35 |  13.0
            +---------+---------+-------+---------+---------+-------
        D:1 |      91 |       0 |   0.0 |      31 |       0 |   0.0
        D:2 |      80 |       0 |   0.0 |      17 |       0 |   0.0
        D:3 |      85 |       0 |   0.0 |      20 |       0 |   0.0
        D:4 |      82 |      42 |  33.9 |       8 |       3 |  27.3
        D:5 |     918 |     205 |  18.3 |      20 |       2 |   9.1
        D:6 |     552 |      44 |   7.4 |      15 |       1 |   6.2
        D:7 |     867 |       0 |   0.0 |      15 |       0 |   0.0
        D:8 |     724 |       0 |   0.0 |      16 |       0 |   0.0
        D:9 |    2693 |     491 |  15.4 |      32 |       3 |   8.6
       D:10 |     824 |     644 |  43.9 |      15 |      19 |  55.9
       D:11 |    2303 |     816 |  26.2 |      21 |       7 |  25.0
       D:12 |    2940 |       0 |   0.0 |      19 |       0 |   0.0
       D:13 |     556 |       0 |   0.0 |       6 |       0 |   0.0
            +---------+---------+-------+---------+---------+-------
